AoeStats
← Hellcatz63

Black Forest

510188748Analyzed
2v2 RM · 2d ago on Sep 29, 2026· 31m 7s· 4 players
Game mode
Random Map
Map size
Medium (4 player)
Population
200
Speed
Normal
Resources
Standard
Victory
Conquest
Starting age
Dark Age
Ending age
Imperial Age
RankedLock teamsTeams togetherTeam positionsShared explorationLock speedFull tech treeHidden civsTurbo modeCheats
Victory
Defeat
🇺🇸 Poles · United States
1081
+16
🇺🇸 Britons · United States
1080
+16
🇧🇷 Goths · Brazil
1118
-17
1047
-15
Hellcatz63
6:03 Loom
28:09 Feudal Age
Reamker
1:21 Loom
13:04 Feudal Age
21:09 Castle Age
21:12 Crossbowman
22:18 Bloodlines
22:09 Husbandry
25:43 Szlachta Privileges
26:09 Double-Bit Axe
BR_WO
1:17 Loom
14:51 Feudal Age
14:57 Man-at-Arms
16:35 Forging
21:53 Horse Collar
22:20 Scale Mail Armor
27:48 Castle Age
26:15 Double-Bit Axe
27:05 Gold Mining
27:50 Long Swordsman
29:52 Iron Casting
30:59 Wheelbarrow
[sAnCoNo] Dr_SaLadoMaL
0:49 Loom
Connection lost

Rejoining the realm…

Still unreachable

The connection could not be restored.

Session expired

The server has moved on; the page needs a fresh start.